 Dungeon Crawl Stone Soup version 0.21-a0-42-gb537e02 (webtiles) character file.

101 Gallahalt the Slasher (level 4, 0/35 HPs)
             Began as a Demonspawn Abyssal Knight on June 4, 2017.
             Was a Follower of Lugonu.
             Succumbed to an adder's poison
             ... on level 3 of the Dungeon.
             The game lasted 00:06:52 (2678 turns).

Gallahalt the Slasher (Demonspawn Abyssal Knight)   Turns: 2678, Time: 00:06:53

Health: 0/35       AC:  4    Str: 14    XL:     4   Next: 48%
Magic:  5/5        EV: 11    Int: 13    God:    Lugonu [*.....]
Gold:   92         SH:  3    Dex: 12    Spells: 3/3 levels left

rFire    . . .     SeeInvis .   a - +1 falchion
rCold    . . .     Gourm    .   (no shield)
rNeg     . . .     Faith    .   b - +0 leather armour
rPois    .         Spirit   .   (no helmet)
rElec    .         Reflect  +   (no cloak)
rCorr    .         Harm     .   i - +0 pair of gloves
MR       .....                  (no boots)
Stlth    +.........             h - +3 amulet of reflection
Regen    0.2/turn               (no ring)
MPRegen  0.1/turn               (no ring)

@: lethally poisoned (0 -> -5), hasted, very quick
A: hooves 1, powered by pain 2
a: Depart the Abyss, Renounce Religion


You were on level 3 of the Dungeon.
You worshipped Lugonu.
Lugonu was aware of your devotion.
You were not hungry.

You visited 1 branch of the dungeon, and saw 3 of its levels.
You visited the Abyss 1 time.

You collected 92 gold pieces.

Inventory:

Hand Weapons
 a - a +1 falchion (weapon)
 t - a +0 club
Armour
 b - a +0 leather armour (worn)
 i - a +0 pair of gloves (worn)
Jewellery
 h - a +3 amulet of reflection (around neck)
 l - an uncursed ring of protection from cold {unknown}
 u - a cursed -3 ring of protection {unknown}
Scrolls
 c - a scroll of teleportation {unknown}
 e - a scroll of fog {unknown}
 f - a scroll of recharging {unknown}
 j - a scroll of enchant weapon {unknown}
 k - a scroll of enchant armour {unknown}
 o - 5 scrolls of identify {unknown}
 p - a scroll of random uselessness {unknown}
 r - a scroll of immolation {unknown}
 w - a scroll of remove curse {unknown}
Potions
 d - 2 potions of haste
 g - a potion of magic {unknown}
 m - a potion of lignification {unknown}
 n - a potion of mutation {unknown}
 x - a potion of agility {unknown}
Comestibles
 q - 3 meat rations
 s - a royal jelly
 v - a bread ration


   Skills:
 - Level 3.1 Fighting
 * Level 3.5 Long Blades
 * Level 2.6 Armour
 - Level 1.0 Dodging
 + Level 0.2 Stealth
 + Level 2.6 Invocations


You had 3 spell levels left.
You didn't know any spells.

Dungeon Overview and Level Annotations

Branches:
Dungeon (3/15)

Altars:
Hepliaklqana
Makhleb


Innate Abilities, Weirdness & Mutations

You have large cloven feet.
You sometimes gain power by taking damage.


Message History

The adder is almost dead.
You feel sick. The rat misses you. The adder bites you.
* * * LOW HITPOINT WARNING * * *
You are more poisoned.
The adder poisons you! The rat bites you but does no damage.
Your leather armour prevents you from hitting the adder.
The adder is almost dead.
* * * LOW HITPOINT WARNING * * *
You feel sick. The adder bites you but does no damage. The adder bites you.
* * * LOW HITPOINT WARNING * * *
The rat misses you.
It was a potion of haste.
You feel yourself speed up. The adder bites you but does no damage.
The rat bites you but does no damage.
* * * LOW HITPOINT WARNING * * *
You feel sick.
* * * LOW HITPOINT WARNING * * *
You feel sick.
* * * LOW HITPOINT WARNING * * *
You feel sick.
You die...

#...........>#####
#........#####
#........#
#.......r#
####.†...# #####S#
#.# #.#
###########@#
#...........#
#.########### #.#
#.# #.# #.# #.#
#<#


You could see an adder and a rat.

Vanquished Creatures
  5 adders (D:2)
  3 worms (D:2)
  2 dart slugs
  2 leopard geckos (D:2)
  A ball python (D:2)
  5 bats
  3 giant cockroaches (D:2)
  A goblin (D:2)
  6 hobgoblins
  2 frilled lizards
  6 kobolds
  7 rats
43 creatures vanquished.

Vanquished Creatures (others)
  A goblin (D:2)
1 creature vanquished.

Grand Total: 44 creatures vanquished

Notes
Turn   | Place    | Note
-------+----------+-------------------------------------------
     0 | Abyss:1  | Gallahalt the Demonspawn Abyssal Knight began the quest for the Orb.
     0 | Abyss:1  | Reached XP level 1. HP: 18/18 MP: 2/2
    46 | Abyss:1  | Noticed an eidolon
    48 | Abyss:1  | Noticed a worldbinder
    48 | D:1      | Escaped the Abyss
    86 | D:1      | Reached skill level 1 in Dodging
   176 | D:1      | Gained mutation: You sometimes gain a little power by taking damage. [demonic ancestry]
   176 | D:1      | Reached XP level 2. HP: 15/24 MP: 3/3
   584 | D:2      | Found a hazy altar of Hepliaklqana.
   749 | D:1      | Reached * piety under Lugonu
  1024 | D:2      | Gained mutation: You sometimes gain power by taking damage. [demonic ancestry]
  1024 | D:2      | Reached XP level 3. HP: 22/29 MP: 4/4
  1264 | D:2      | Found a burning altar of Makhleb.
  1975 | D:2      | Gained mutation: You have large cloven feet. [demonic ancestry]
  1975 | D:2      | Reached XP level 4. HP: 32/35 MP: 5/5
  2675 | D:3      | HP: 1/35 [poisoned by an adder]
  2678 | D:3      | Succumbed to an adder's poison

Vault maps used:
D:1:      saegor_arrival_simple_b
D:2:      old_standard_altar, old_standard_altar
D:3:      marbit_many_paths

Skill      XL: |  1  2  3 |
---------------+----------+-----
Dodging        | 1 |  1.0
Long Blades    | 2 3 |  3.5
Armour         | 2 |  2.6
Fighting       | |  3.1
Stealth        | |  0.2
Invocations    | |  2.6

Action                   |  1- 3 |  4- 6 || total
-------------------------+-------+-------++-------
Melee: Falchion          |   103 |    40 ||   143
       Kick              |       |    12 ||    12
Invok: Depart the Abyss  |     1 |       ||     1
  Use: Potion            |       |     1 ||     1
  Eat: Bread ration      |     1 |       ||     1
       Fruit             |       |     3 ||     3
       Royal jelly       |       |     1 ||     1
Armor: Leather armour    |    36 |    19 ||    55
Dodge: Dodged            |    58 |    33 ||    91
Block: Other             |    11 |     3 ||    14
       Reflection        |     2 |       ||     2
       Rpst.: Falchion   |    20 |     7 ||    27
